 Dungeon Crawl Stone Soup version 0.27-a0-637-g3a9f0a9c12 (webtiles) character file.

Game seed: 17708229615208398732

11956 Gaff the Grappler (level 11, 0/109 HPs)
             Began as a Troll Warper on Mar 14, 2021.
             Was a Follower of Ru.
             Slain by a sun demon (5 damage)
             ... led by a balrug
             ... on level 1 of the Abyss.
             The game lasted 00:31:31 (9923 turns).

Gaff the Grappler (Troll Warper)                    Turns: 9923, Time: 00:31:32

Health: 0/109      AC:  6    Str: 20    XL:     11   Next: 56%
Magic:  11/14      EV: 15    Int:  5    God:    Ru [*.....]
Gold:   565        SH:  0    Dex:  9    Spells: 14/16 levels left

rFire    + . .     SeeInvis .     - Unarmed
rCold    . . .     Faith    .   (no shield)
rNeg     . . .     Spirit   .   a - +0 robe
rPois    .         Reflect  .   (helmet restricted)
rElec    .         Harm     .   m - +2 cloak
rCorr    .         Rampage  .   (gloves unavailable)
Will     .....                  (boots unavailable)
Stlth    +.........             S - amulet of regeneration
HPRegen  2.28/turn              B - +4 ring of evasion
MPRegen  0.14/turn              G - ring of protection from fire

@: no status effects
A: large, unfitting armour, claws 3, regeneration 1, shaggy fur 1, tough skin 1,
inability to train armour, [deformed body], [dopey 2], [weak 2], [subdued magic
3]
a: Renounce Religion


You were on level 1 of the Abyss.
You worshipped Ru.
Ru was aware of your devotion.
You visited 2 branches of the dungeon, and saw 12 of its levels.
You visited the Abyss 1 time.
You also visited: Sewer.

You collected 565 gold pieces.

Inventory:

Hand Weapons
 e - the +7 mace of Gekhlus {chaos, Dex+2}
   (You found it on level 5 of the Dungeon)

   Each time it hits an enemy it has a different, random effect.
   It affects your dexterity (+2).
 l - a +4 quarterstaff of chaos
 q - a +5 rapier of freezing
 J - a +2 long sword of holy wrath
Missiles
 d - 5 boomerangs of dispersal (quivered)
 v - 2 silver javelins
 y - 12 poisoned darts
 D - a throwing net
 L - 5 silver boomerangs
Armour
 a - a +0 robe (worn)
 m - a +2 cloak (worn)
 r - a +2 cloak
Magical Staves
 H - a staff of air
Jewellery
 B - a +4 ring of evasion (right claw)
 G - a ring of protection from fire (left claw)
 P - a ring of protection from fire
 Q - a ring of willpower
 R - a +4 ring of evasion
 S - an amulet of regeneration (around neck)
Wands
 C - a wand of polymorph (10)
 O - a wand of charming (7)
Scrolls
 b - a scroll of amnesia
 c - 4 scrolls of blinking
 h - 2 scrolls of fear
 i - 4 scrolls of enchant armour
 k - 4 scrolls of enchant weapon
 n - 2 scrolls of immolation
 t - 4 scrolls of teleportation
 N - a scroll of silence
 U - a scroll of holy word {unknown}
Potions
 f - 2 potions of brilliance {unknown}
 g - 6 potions of curing {unknown}
 j - a potion of attraction
 o - a potion of might
 p - 2 potions of lignification
 s - a potion of berserk rage
 u - 3 potions of flight {unknown}
 w - a potion of ambrosia
 x - a potion of heal wounds
 z - a potion of invisibility
 A - a potion of mutation
 M - 2 potions of magic {unknown}
 T - a potion of haste {unknown}
Miscellaneous
 E - a phantom mirror
 F - a tin of tremorstones (2/2)
 I - a condenser vane
 K - a box of beasts


   Skills:
 + Level 7.1 Fighting
 - Level 0.8 Throwing
 + Level 7.1 Dodging
 + Level 11.7 Unarmed Combat
 + Level 3.0 Spellcasting
 + Level 3.9 Translocations
 + Level 4.3 Evocations


You had 14 spell levels left.
You knew the following spells:

 Your Spells              Type           Power      Damage    Failure   Level
a - Blink                 Tloc           N/A        N/A       6%          2

Your spell library contained the following spells:

 Spells                   Type           Power      Damage    Failure   Level
 Gell's Gravitas          Tloc           1%         N/A       14%         3
 Lesser Beckoning         Tloc           1%         N/A       14%         3
 Teleport Other           Tloc           2%         N/A       14%         3
 Magic Dart               Conj           0%         1d3       24%         1
 Call Imp                 Summ           0%         N/A       38%         2
 Corpse Rot               Necr/Air       N/A        N/A       38%         2
 Poisonous Vapours        Pois/Air       0%         N/A       38%         2
 Slow                     Hex            0%         N/A       38%         2
 Swiftness                Air            0%         N/A       38%         2
 Manifold Assault         Tloc           2%         N/A       47%         4
 Confusing Touch          Hex            0%         N/A       63%         3
 Conjure Flame            Conj/Fire      0%         6-21      63%         3
 Mephitic Cloud           Conj/Pois/Air  0%         N/A       63%         3
 Petrify                  Tmut/Erth      0%         N/A       96%         4
 Summon Lightning Spire   Summ/Air       0%         N/A       96%         4
 Lightning Bolt           Conj/Air       0%         1d11      100%        5
 Metabolic Englaciation   Hex/Ice        0%         N/A       100%        5
 Silence                  Hex/Air        0%         N/A       100%        5
 Yara's Violent Unravell  Hex/Tmut       0%         3d3       100%        5
 Conjure Ball Lightning   Conj/Air       0%         3x3d6     100%        6
 Tornado                  Air            0%         N/A       100%        9


Dungeon Overview and Level Annotations

Branches:
Dungeon (11/15)            Temple (1/1) D:6            Lair (0/6) D:10
    Orc (0/2) D:9           Sewer (visited)

Altars:
Ashenzari
Cheibriados
Dithmenos
Elyvilon
Fedhas
Gozag
Hepliaklqana
Kikubaaqudgha
Makhleb
Nemelex Xobeh
Okawaru
Qazlal
Ru
Sif Muna
Trog
Uskayaw
Vehumet
Wu Jian
Xom
Yredelemnul
Zin
The Shining One

Shops:
D:6 (   D:7 (

Annotations:
D:6 1 runed translucent door, Gaff's ghost, novice TrWr
D:8 exclusion: statue
D:11 Erolcha
Abyss:1 1 runed translucent door


Innate Abilities, Weirdness & Mutations

You are too large for most types of armour.
You have claws for hands.
Your natural rate of healing is unusually fast.
You are covered in fur. (AC +1)
You have tough skin. (AC +1)
You cannot train Armour skill.
[Armour fits poorly on your strangely shaped body.]
[You are very dopey. (Int -4)]
[You are very weak. (Str -4)]
[Your spells are much easier to cast, but much less powerful.]


Message History

The starspawn tentacle grabs you. The starspawn tentacle constricts you.
The starspawn tentacle's grasp on you weakens, but your attempt to escape fails.
The hellwing gives a chilling moan.
The worldbinder hits you. x2; The starspawn tentacle constricts you.
The starspawn tentacle's grasp on you weakens, but your attempt to escape fails.
The dream sheep disappears in a puff of smoke!
The worldbinder calls forth creatures from the Lair of Beasts!
The tentacled starspawn bites you!!
* * * LOW HITPOINT WARNING * * *
The tentacled starspawn engulfs you!
* * * LOW HITPOINT WARNING * * *
The blink frog blinks!
* * * LOW HITPOINT WARNING * * *
The starspawn tentacle constricts you.
Casting: Blink (safe; 6% risk of failure)
Confirm with . or Enter, or press ? or * to list all spells.
You escape the starspawn tentacle's grasp.
You blink.
The starspawn tentacle misses you.
A raiju comes into view.
A tentacled starspawn comes into view.
The blink frog blinks!
The hellwing hits you!
* * * LOW HITPOINT WARNING * * *
The hellwing barely misses you.
The blink frog blinks!
The hellwing swoops through the air toward you!
The hellwing hits you but does no damage.
The hellwing barely misses you.
Found 26 gold pieces.
The worldbinder begins to attack, but is stunned by your conviction!
The hellwing hits you but does no damage. x2
Casting: Blink (safe; 6% risk of failure)
Confirm with . or Enter, or press ? or * to list all spells.
You blink.
A crimson imp comes into view.
The crimson imp shouts!
An apocalypse crab comes into view.
The dream sheep disappears in a puff of smoke!
The sun demon hits you!!
* * * LOW HITPOINT WARNING * * *
You are engulfed in flames.
You resist.
You die...

......≈.........
....≈≈≈.......\. .
#.≈≈≈≈#.....#.Y. ..
##≈..≈##...###..
...#.≈≈♣.#.....#.§.
......≈≈......─w.§.
.......h.....X.u...
....§§.§..x.332....
...#.X≈4.#X@...#..
##.≈.###...###.
#≈≈.≈. .....#..
..≈≈≈≈.t........
......$...........
.....≈..≈..........
...#.....#.....#...
.≈.###..5###..


You could see a brown very ugly thing, 2 tentacled starspawn, a balrug, 2 sun
demons, an apocalypse crab, a worldbinder, a raiju, a starspawn tentacle and a
crimson imp.

Vanquished Creatures
  A two-headed ogre (D:10)
  An unseen horror (D:10)
  An orc knight (D:7)
  A manticore (D:10)
  A gargoyle (D:10)
  A komodo dragon (D:10)
  A kobold demonologist (D:7)
  Prince Ribbit (D:5)
  A raiju (Abyss:1)
  A meliai zombie (D:9)
  A slime creature (D:7)
  2 wraiths
  24 yaks
  Eustachio (D:5)
  A vampire mosquito (D:7)
  Purgy (Sewer)
  A water moccasin (D:9)
  4 sky beasts
  2 black bears
  2 orc warriors
  An ice beast (D:8)
  6 ogres
  2 necrophages
  A hornet zombie (D:9)
  3 phantoms
  5 centaurs
  7 bullfrogs
  3 scorpions
  A water moccasin zombie (D:6)
  5 wights (D:9)
  A howler monkey (D:4)
  A centaur zombie (D:5)
  4 bullfrog zombies
  A starcursed mass (Abyss:1)
  7 orc priests
  Crazy Yiuf (D:5)
  4 hounds
  A bullfrog skeleton (D:7)
  An iguana (D:10)
  4 orc wizards
  5 worker ants
  8 ogre zombies (D:9)
  A hound zombie (D:9)
  3 hound skeletons
  A howler monkey skeleton (D:4)
  15 adders
  3 shadow imps
  3 white imps
  An ufetubus (D:5)
  2 oozes
  4 adder skeletons
  4 worms
  A dart slug (D:1)
  4 leopard geckos
  24 orcs
  9 giant cockroaches
  6 goblins
  5 hobgoblins (D:1)
  10 jackals
  6 kobolds
  6 quokkas
  13 bats
  4 frilled lizards
  6 goblin zombies (D:9)
  A hobgoblin skeleton (D:9)
  A hobgoblin zombie (D:9)
  3 leopard gecko zombies
  2 orc skeletons (D:9)
  15 orc zombies (D:9)
  A quokka skeleton (D:7)
  2 quokka zombies
  9 rats
286 creatures vanquished.

Vanquished Creatures (collateral kills)
  A warg (D:7)
  2 orcs (D:7)
3 creatures vanquished.

Vanquished Creatures (others)
  A scorpion (D:9)
  A fungus (D:5)
  20 plants (D:10)
  19 starspawn tentacles (Abyss:1)
41 creatures vanquished.

Grand Total: 330 creatures vanquished

Notes
Turn   | Place    | Note
-------+----------+-------------------------------------------
     0 | D:1      | Gaff the Troll Warper began the quest for the Orb.
     0 | D:1      | Reached XP level 1. HP: 19/19 MP: 1/1
   124 | D:1      | Reached XP level 2. HP: 28/28 MP: 3/3
   509 | D:1      | Reached skill level 3 in Unarmed Combat
   634 | D:2      | Reached XP level 3. HP: 35/35 MP: 4/4
   723 | D:2      | Found a stormy altar of Qazlal.
  1200 | D:3      | Reached skill level 4 in Unarmed Combat
  1243 | D:3      | Reached XP level 4. HP: 40/42 MP: 5/5
  1711 | D:3      | Found a blossoming altar of Fedhas.
  1712 | D:3      | Found a sparkling altar of Nemelex Xobeh.
  1899 | D:3      | Found an ancient bone altar of Kikubaaqudgha.
  1899 | D:3      | Found a shimmering blue altar of Sif Muna.
  2209 | D:4      | Found an opulent altar of Gozag.
  2215 | D:4      | Reached skill level 5 in Unarmed Combat
  2215 | D:4      | Reached XP level 5. HP: 41/49 MP: 6/6
  2215 | D:4      | Noticed a phantom
  2271 | D:4      | Noticed a phantom
  2271 | D:4      | Killed a phantom
  2272 | D:4      | Reached skill level 6 in Unarmed Combat
  2304 | D:4      | Killed a phantom
  2305 | D:4      | Reached XP level 6. HP: 44/57 MP: 7/7
  2671 | D:4      | Found a glowing silver altar of Zin.
  3005 | D:5      | Entered Level 5 of the Dungeon
  3066 | D:5      | Noticed Prince Ribbit
  3075 | D:5      | Killed Prince Ribbit
  3076 | D:5      | Reached skill level 7 in Unarmed Combat
  3076 | D:5      | Reached XP level 7. HP: 22/66 MP: 8/8
  3094 | D:5      | Noticed Eustachio
  3148 | D:5      | Learned a level 2 spell: Blink
  3173 | D:5      | Identified the +7 mace of Gekhlus {chaos, Dex+2}
  3174 | D:5      | Found a runed translucent door.
  3175 | D:5      | Noticed Crazy Yiuf
  3192 | D:5      | Killed Crazy Yiuf
  3417 | D:5      | Killed Eustachio
  3487 | D:5      | Found a hide-covered altar of Uskayaw.
  3565 | D:5      | Found a sacrificial altar of Ru.
  3794 | D:5      | Became a worshipper of Ru the Awakened
  3921 | D:5      | Reached skill level 8 in Unarmed Combat
  4092 | D:6      | Found Beffusm's Antique Weapon Emporium.
  4107 | D:6      | Found a staircase to the Ecumenical Temple.
  4114 | Temple   | Entered the Ecumenical Temple
  4235 | D:6      | Found a shadowy altar of Dithmenos.
  4257 | D:6      | Reached XP level 8. HP: 71/75 MP: 9/9
  4459 | D:6      | Found a runed translucent door.
  4465 | D:6      | Noticed Gaff's ghost (novice TrWr)
  4636 | D:6      | Reached skill level 9 in Unarmed Combat
  4715 | D:6      | Found a glowing drain.
  4754 | Sewer    | Entered a sewer
  4866 | Sewer    | Noticed Purgy
  4874 | Sewer    | Killed Purgy
  5329 | D:7      | Found Zucyennia's Weapon Shoppe.
  5423 | D:7      | Found a shimmering altar of Xom.
  5519 | D:7      | Gained mutation: You cannot train Armour skill. [Ru
                  | sacrifice]
  5519 | D:7      | Reached * piety under Ru
  5740 | D:7      | Reached XP level 9. HP: 73/85 MP: 10/10
  5835 | D:7      | Noticed a kobold demonologist
  5844 | D:7      | Reached skill level 10 in Unarmed Combat
  5846 | D:7      | Killed a kobold demonologist
  5847 | D:7      | Reached skill level 5 in Dodging
  5849 | D:7      | Reached skill level 5 in Fighting
  5858 | D:7      | Identified the Disquisition on Lightness
  5909 | D:7      | Noticed an orc knight
  5941 | D:7      | Killed an orc knight
  5942 | D:7      | Reached skill level 1 in Evocations
  6082 | D:7      | Found a bloodstained altar of Trog.
  6587 | D:8      | Found a snail-covered altar of Cheibriados.
  6619 | D:8      | Found a radiant altar of Vehumet.
  7045 | D:9      | Reached XP level 10. HP: 97/98 MP: 11/11
  7111 | D:9      | Found a staircase to the Orcish Mines.
  7587 | D:9      | Reached skill level 11 in Unarmed Combat
  8171 | D:9      | Identified the +8 plate armour of the Furrier {Will++ Dex+3
                  | Stlth+}
  8305 | D:10     | Entered Level 10 of the Dungeon
  8485 | D:10     | Reached XP level 11. HP: 107/107 MP: 13/13
  8779 | D:10     | Killed an unseen horror
  9255 | D:10     | Found a staircase to the Lair.
  9444 | D:11     | Noticed a two-headed ogre
  9493 | D:11     | Found a snail-covered altar of Cheibriados.
  9493 | D:11     | Noticed Erolcha
  9493 | D:11     | Noticed a brown ugly thing
  9678 | D:10     | Killed a two-headed ogre
  9748 | D:11     | Cast into level 1 of the Abyss (Erolcha)
  9748 | Abyss:1  | Found a corrupted altar of Lugonu.
  9750 | Abyss:1  | Found a runed translucent door.
  9750 | Abyss:1  | Noticed a starcursed mass
  9812 | Abyss:1  | Noticed a tentacled starspawn
  9835 | Abyss:1  | Noticed a tentacled starspawn
  9855 | Abyss:1  | Noticed a sun demon
  9855 | Abyss:1  | Noticed a sun demon
  9855 | Abyss:1  | Noticed a balrug
  9857 | Abyss:1  | Noticed a brown very ugly thing
  9865 | Abyss:1  | Found a shimmering blue altar of Sif Muna.
  9868 | Abyss:1  | Noticed a large abomination
  9868 | Abyss:1  | Noticed a wretched star
  9897 | Abyss:1  | Noticed a tentacled starspawn
  9897 | Abyss:1  | Noticed a tentacled starspawn
  9918 | Abyss:1  | Noticed a tentacled starspawn
  9923 | Abyss:1  | HP: 5/109 [sun demon[a balrug] (23)]
  9923 | Abyss:1  | Slain by a sun demon

Illustrated notes

Levels and vault maps discovered:
D:1:      heliophobic_arrival_dark_side_of_the_moon, layout_basic
D:2:      layout_rooms, hangedman_decor_opposing, corexii_shack,
          grunt_qazlal_sundering
D:3:      layout_basic, amethyst_overflow_temple_binary,
          gammafunk_temple_overflow_wave, chequers_arboretum
D:4:      layout_basic, lemuel_crystal_altar,
          nicolae_gozag_cash_rules_everything_around_me
D:5:      minmay_diamond_boxcup, layout_loops_ring, lemuel_crystal_altar,
          lemuel_doored_altar, uniq_crazy_yiuf_cottage, uniq_eustachio,
          uniq_prince_ribbit1
D:6:      minmay_thinvault, layout_basic, grunt_dithmenos_smoke_and_mirrors,
          temple_green, ebering_ghost_reflecting_pool, gup_sewer_entry_glass,
          serial_shops, shop, lemuel_flamethrower_2
D:7:      layout_rooms, old_standard_altar, kennysheep_mini, serial_shops,
          shop_coins, minmay_the_grid_2x2 [minmay_the_grid_paths,
          minmay_the_grid_doors, minmay_the_grid_armoury,
          minmay_the_grid_prize_four_corners_diamond_b]
D:8:      layout_gridville, vehumet_statue, kennysheep_mini_moat
D:9:      layout_cave_pods, zombieorc2_lemuel
D:10:     layout_loops_ring, david_lair_shrubbed
D:11:     layout_cross, hangedman_feature_mirror, uniq_erolcha
Temple:   jpeg_temple_alley_garden
Abyss:1:  base: Temple, evilmike_abyss_exit_13, minivault_13, minivault_1,
          evilmike_abyss_exit_kraken

Skill      XL: |  1  2  3  4  5  6  7  8  9 10 11 |
---------------+----------------------------------+-----
Dodging        | 2 3 4 5 6 7 |  7.1
Unarmed Combat | 3 4 5 6 7 8 9 10 11 | 11.7
Fighting       | 2 3 4 5 6 7 |  7.1
Evocations     | 2 3 4 |  4.3
Spellcasting   | 2 3 |  3.0
Translocations | 3 |  3.9
Throwing       | |  0.8

Action                   |  1- 3 |  4- 6 |  7- 9 | 10-12 || total
-------------------------+-------+-------+-------+-------++-------
Melee: Unarmed           |   111 |   139 |   258 |   395 ||   903
       Punch             |     1 |     5 |     7 |    19 ||    32
 Cast: Blink             |       |       |       |     6 ||     6
Invok: Sacrifice Durabil |       |       |     1 |       ||     1
       Reject Sacrifices |       |       |       |     1 ||     1
Evoke: Phantom mirror    |       |       |     1 |       ||     1
  Use: Scroll            |       |     7 |     9 |     1 ||    17
       Potion            |       |     1 |       |       ||     1
 Stab: Sleeping          |     1 |       |     1 |       ||     2
       Distracted        |       |       |     2 |       ||     2
Armor: Robe              |    35 |    33 |    68 |    61 ||   197
Dodge: Dodged            |    51 |    64 |   142 |   237 ||   494

Table legend: (Time is in decaauts)
 A = Elapsed time spent in this place.
 B = Non-inter-level travel time spent in this place.
 C = Inter-level travel time spent in this place.
 D = Time resting spent in this place.
 E = Time spent auto-exploring this place.
 F = Levels seen in this place.
 G = Mean time per level.
                   A        B        C        D        E       F      G
               +--------+--------+--------+--------+--------+-----+--------+
         Total |   9808 |   9381 |    427 |    719 |   5649 |  14 |  700.6 |
       Dungeon |   9363 |   8936 |    427 |    701 |   5568 |  11 |  851.2 |
        Temple |     80 |     80 |      0 |      0 |      0 |   1 |   80.0 |
         Abyss |    175 |    175 |      0 |      0 |      0 |   1 |  175.0 |
         Sewer |    188 |    188 |      0 |     18 |     81 |   1 |  188.0 |
               +--------+--------+--------+--------+--------+-----+--------+

Top non-repeatable levels by time:
    D:10: 1358 daAuts
     D:9: 1248 daAuts
     D:5: 1088 daAuts
     D:4: 958 daAuts
     D:6: 952 daAuts
     D:3: 912 daAuts
     D:7: 874 daAuts
     D:8: 817 daAuts
     D:1: 623 daAuts
     D:2: 489 daAuts
   Sewer: 188 daAuts
 Abyss:1: 175 daAuts
  Temple: 80 daAuts
    D:11: 38 daAuts
